 Dungeon Sprint DCSS version 0.31-a0-1074-g0b22e4e0f1 (webtiles) character file.

Game seed: 11671454368681069479

1386 rocky1 the Basher (level 8, -4/97 HPs)
             Began as an Ogre Gladiator on Nov 28, 2023.
             Was a High Priest of Cheibriados.
             Slain by a snapping turtle (6 damage)
             ... in the Dungeon (Sprint VII: "The Pits").
             The game lasted 00:02:11 (961 turns).

rocky1 the Basher (Ogre Gladiator)                   Turns: 961, Time: 00:02:11

Health: -4/97      AC: 10    Str: 34    XL:     8   Next: 67%
Magic:  0/14       EV: 16    Int: 22    God:    Cheibriados [*****.]
Gold:   0          SH:  0    Dex: 23    Spells: 7/7 levels left

rFire   . . .        p - +1 mace (protect)
rCold   . . .        (no shield)
rNeg    . . .        b - +0 robe
rPois   .            c - +0 hat
rElec   .            (no cloak)
rCorr   .            (gloves unavailable)
SInv    .            (boots unavailable)
Will    .....        (no amulet)
Stlth   ++           (no ring)
HPRegen 0.36/turn    (no ring)
MPRegen 0.14/turn

%: no teleportation
@: marked, under a protective aura, on berserk cooldown, slowed, very slow
A: large, unfitting armour, tough skin 1
a: Renounce Religion, Bend Time, Temporal Distortion, Slouch, Step From Time


You were in the Dungeon.
You worshipped Cheibriados.
Cheibriados was extremely pleased with you.
You visited 1 branch

Inventory:

Hand Weapons
 a - a +0 flail
 p - a +1 mace of protection (weapon)
Missiles
 d - 2 throwing nets (quivered)
 e - a large rock
Armour
 b - a +0 robe (worn)
 c - a +0 hat (worn)
Scrolls
 m - 2 scrolls of vulnerability
 n - 5 scrolls of amnesia
 o - a scroll of summoning
Potions
 f - 6 potions of curing
 g - 3 potions of heal wounds
 h - a potion of haste
 i - 4 potions of magic
 j - 2 potions of berserk rage
 l - 2 potions of invisibility


   Skills:
 + Level 11.2 Fighting
 * Level 11.3 Maces & Flails
 - Level 2.0 Throwing
 + Level 8.3 Dodging
 + Level 9.1 Invocations


You had 7 spell levels left.
You didn't know any spells.
Your spell library was empty.

Dungeon Overview and Level Annotations

Branches:
Dungeon (1/1)

Altars:
Ashenzari
Cheibriados
Dithmenos
Elyvilon
Fedhas
Gozag
Hepliaklqana
Kikubaaqudgha
Makhleb
Nemelex Xobeh
Okawaru
Qazlal
Ru
Sif Muna
Trog
Uskayaw
Vehumet
Wu Jian
Xom
Yredelemnul
Zin
The Shining One
Jiyva
Lugonu


Innate Abilities, Weirdness & Mutations

You are too large for most types of armour.
You have tough skin. (AC +1)


Message History

You are no longer berserk.
You are exhausted.
You feel yourself slow down.
The snapping turtle bites you but does no damage.
You barely miss the snapping turtle.
The snapping turtle is heavily wounded.
The snapping turtle closely misses you.
You hit the snapping turtle.
The snapping turtle is heavily wounded.
The snapping turtle barely misses you.
You thump the snapping turtle!
The snapping turtle is heavily wounded.
The snapping turtle bites you!!
* * * LOW HITPOINT WARNING * * *
You feel much better. The snapping turtle bites you!
* * * LOW HITPOINT WARNING * * *
Activating: Slouch (2% risk of failure)
Press: ? - help, Dir - look around, f - activate You can feel time thicken for a moment.
Cheibriados lowers the support of your attributes as your movement quickens.
The snapping turtle bites you!
* * * LOW HITPOINT WARNING * * *
Unknown command.
You don't have enough magic at the moment.
Unknown command.
Unknown command.
You feel much better. The snapping turtle bites you!!
* * * LOW HITPOINT WARNING * * *
The snapping turtle completely misses you.
You hit the snapping turtle but do no damage.
Your weapon exudes an aura of protection.
The snapping turtle is almost dead.
The snapping turtle bites you.
* * * LOW HITPOINT WARNING * * *
Unknown command.
Okay, then.
You hit the snapping turtle but do no damage.
The snapping turtle is almost dead.
The snapping turtle bites you.
You die...

#)#..#.)).[##.......#
#)###########.......#
#).)....#†.##########
#)......#.######
#.).#...#†#....#
#..###..#)#†...#
#...#...#.(.t..+
#.......#)#....#
#......(@t#....#
################


You could see a snapping turtle.

Vanquished Creatures
  Harold (D)
  A glass eye (D)
  A warg (D)
  A sky beast (D)
  A wolf (D)
  A gnoll sergeant (D)
  2 wights (D)
  A jelly (D)
  A hound (D)
  6 gnolls (D)
  An adder (D)
  A river rat (D)
  An ufetubus (D)
  A ball python (D)
  A goblin (D)
  A hobgoblin (D)
  3 quokkas (D)
  A ball python zombie (D)
  A frilled lizard (D)
  A kobold (D)
28 creatures vanquished.

Notes
Turn   | Place    | Note
-------+----------+-------------------------------------------
     0 | D        | rocky1 the Ogre Gladiator began the quest for the Orb.
     0 | D        | Reached XP level 1. HP: 22/22 MP: 1/1
    20 | D        | Found a bloodstained altar of Trog.
    20 | D        | Found a shimmering blue altar of Sif Muna.
    20 | D        | Found a viscous altar of Jiyva.
    20 | D        | Found a hazy altar of Hepliaklqana.
    20 | D        | Found an opulent altar of Gozag.
    21 | D        | Found a glowing golden altar of the Shining One.
    21 | D        | Found a glowing silver altar of Zin.
    21 | D        | Found a basalt altar of Yredelemnul.
    21 | D        | Found a shimmering altar of Xom.
    21 | D        | Found an ornate altar of the Wu Jian Council.
    21 | D        | Found a sacrificial altar of Ru.
    21 | D        | Found a stormy altar of Qazlal.
    21 | D        | Found an iron altar of Okawaru.
    21 | D        | Found a sparkling altar of Nemelex Xobeh.
    21 | D        | Found a burning altar of Makhleb.
    21 | D        | Found a blossoming altar of Fedhas.
    21 | D        | Found a white marble altar of Elyvilon.
    21 | D        | Found a shadowy altar of Dithmenos.
    21 | D        | Found a snail-covered altar of Cheibriados.
    24 | D        | Found a corrupted altar of Lugonu.
    24 | D        | Found a radiant altar of Vehumet.
    25 | D        | Found an ancient bone altar of Kikubaaqudgha.
    25 | D        | Found a hide-covered altar of Uskayaw.
    25 | D        | Found a broken altar of Ashenzari.
    32 | D        | Became a worshipper of Cheibriados the Contemplative
    71 | D        | Reached * piety under Cheibriados
    93 | D        | Reached skill level 1 in Invocations
    93 | D        | Reached XP level 2. HP: 19/32 MP: 1/3
   101 | D        | Reached ** piety under Cheibriados
   310 | D        | Reached XP level 3. HP: 35/39 MP: 4/4
   316 | D        | Reached skill level 5 in Fighting
   316 | D        | Reached skill level 5 in Maces & Flails
   316 | D        | Reached XP level 4. HP: 35/50 MP: 4/6
   318 | D        | Reached *** piety under Cheibriados
   493 | D        | Noticed a glass eye
   499 | D        | Reached **** piety under Cheibriados
   503 | D        | Reached ***** piety under Cheibriados
   509 | D        | Killed a glass eye
   510 | D        | Reached skill level 5 in Dodging
   510 | D        | Reached skill level 5 in Invocations
   510 | D        | Reached XP level 5. HP: 56/63 MP: 1/9
   510 | D        | Reached XP level 6. HP: 64/72 MP: 1/10
   800 | D        | Noticed a warg
   800 | D        | Noticed a sky beast
   801 | D        | Killed a warg
   801 | D        | Reached ****** piety under Cheibriados
   802 | D        | Reached XP level 7. HP: 83/83 MP: 6/12
   937 | D        | Noticed a snapping turtle
   937 | D        | Noticed Harold
   939 | D        | Reached skill level 10 in Fighting
   939 | D        | Reached skill level 10 in Maces & Flails
   949 | D        | Killed Harold
   950 | D        | Reached XP level 8. HP: 53/97 MP: 3/14
   960 | D        | HP: 2/97 [snapping turtle (6)]
   961 | D        | Slain by a snapping turtle

Illustrated notes

Levels and vault maps discovered:
D:        pitsprint [storerooms_1, entrance_room_1, metal_vault_4, armoury_1,
          mini_pit_1, grid_room_1, main_hall_1, silver_pit, the_coven_2,
          the_vestibule_1, steel_vault_2, golden_pit, hallway_of_sentries,
          crystal_vault_2, iron_vault_3, final_vault]

Skill      XL: |  1  2  3  4  5  6  7 |
---------------+----------------------+-----
Fighting       | 3 4 5 7 9 11 | 11.2
Maces & Flails | 3 4 5 7 9 11 | 11.3
Dodging        | 3 4 5 7 8 |  8.3
Invocations    | 1 2 3 5 7 9 |  9.1
Throwing       | |  2.0

Action                     |  1- 3 |  4- 6 |  7- 9 || total
---------------------------+-------+-------+-------++-------
  Melee: Flail             |    31 |     3 |       ||    34
         Mace              |       |    32 |    14 ||    46
  Throw: Throwing net      |     1 |       |       ||     1
 Invoke: Slouch            |       |     2 |     3 ||     5
    Use: Potion            |       |       |     4 ||     4
         Scroll            |       |       |     1 ||     1
 Armour: Robe              |    16 |    22 |    14 ||    52
  Dodge: Dodged            |    15 |    24 |     9 ||    48

Table legend: (Time is in decaauts)
 A = Elapsed time spent in this place.
 B = Non-inter-level travel time spent in this place.
 C = Inter-level travel time spent in this place.
 D = Time resting spent in this place.
 E = Time spent auto-exploring this place.
 F = Levels seen in this place.
 G = Mean time per level.
                   A        B        C        D        E       F      G
               +--------+--------+--------+--------+--------+-----+--------+
         Total |   1052 |   1017 |     35 |    688 |      0 |   1 | 1052.0 |
       Dungeon |   1052 |   1017 |     35 |    688 |      0 |   1 | 1052.0 |
               +--------+--------+--------+--------+--------+-----+--------+

Top non-repeatable levels by time:
       D: 1052 daAuts
